Map: Data-C

Players

PappiJoe

  • Race: Protoss Protoss
  • Spawn Location: 9:00

Geralt (Gerald) - Winner!

  • Race: Protoss Protoss
  • League: Master
  • Spawn Location: 3:00

Event: HomeStory Cup XXII

VOD

Have the link to the VOD?

Description

Time

  • Played on: Dec. 15, 2022, 1:03 p.m.
  • Length: 8:03

All games in this series

Show
View Real Time Build Order
Export as new Build Order

PappiJoe Protoss 

Build Orders:  

Get SALT Encoding   

  12  0:00  Probe  
  13  0:12  Probe  
  14  0:17  Pylon  
  14  0:24  Probe (Chrono Boost)  
  15  0:37  Probe (Chrono Boost)  
  15  0:38  Gateway  
  16  0:45  Probe (Chrono Boost)  
  16  0:48  Assimilator  
  17  0:51  Probe  
  17  0:55  Assimilator  
  18  1:03  Probe (Chrono Boost)  
  19  1:09  Gateway  
  19  1:15  Probe (Chrono Boost)  
  20  1:20  Probe (Chrono Boost)  
  21  1:25  Cybernetics Core  
  21  1:30  Probe  
  22  1:39  Pylon  
  22  1:43  Probe  
  23  2:03  Stalker  
  23  2:04  Robotics Facility  
  25  2:10  Stalker  
  27  2:15  Warp Gate  
  27  2:17  Probe  
  27  2:30  Pylon  
  27  2:38  Stalker  
  30  2:54  Immortal (Chrono Boost)  
  32  3:03  Stalker  
  34  3:22  Warp Prism (Chrono Boost)  
  34  3:35  Gateway  
  34  3:51  Immortal (Chrono Boost)  
  38  3:58  Pylon  
  38  4:28  Stalker x2  
  42  4:31  Sentry  
  44  4:49  Pylon  
  44  4:51  Phoenix  
  44  4:54  Pylon  
  44  5:05  Sentry  
  50  5:07  Immortal (Chrono Boost)  
  50  5:27  Twilight Council  
  50  5:38  Stalker  
  50  5:39  Stalker x2  
  56  5:54  Shield Battery  
  56  6:06  Pylon  
  56  6:08  Pylon  
  56  6:25  Adept  
  56  6:26  Adept x2  
  56  6:47  Adept x3  
  56  6:52  Pylon  
  62  7:07  Adept x3  
  64  7:35  Adept  
  64  7:36  Adept  
  62  7:41  Adept  
Show
View Real Time Build Order
Export as new Build Order

Geralt Protoss - Winner!

Build Orders:  

Get SALT Encoding   

  12  0:00  Probe  
  13  0:12  Probe  
  14  0:17  Pylon  
  14  0:24  Probe (Chrono Boost)  
  16  0:36  Gateway  
  16  0:37  Probe (Chrono Boost)  
  16  0:42  Probe (Chrono Boost)  
  16  0:46  Assimilator  
  17  0:51  Probe (Chrono Boost)  
  17  0:55  Assimilator  
  18  1:04  Probe (Chrono Boost)  
  19  1:10  Gateway  
  19  1:13  Probe (Chrono Boost)  
  20  1:19  Probe  
  20  1:25  Cybernetics Core  
  21  1:31  Probe  
  22  1:39  Pylon  
  22  1:43  Probe  
  23  1:57  Probe  
  24  2:02  Warp Gate, Stalker x2  
  28  2:09  Probe  
  28  2:10  Pylon  
  29  2:17  Pylon  
  29  2:22  Probe  
  29  2:32  Stalker  
  29  2:35  Stalker  
  33  2:41  Probe  
  34  2:46  Shield Battery  
  34  2:57  Robotics Facility  
  34  3:07  Probe  
  35  3:17  Pylon  
  35  3:21  Stalker x2  
  39  3:31  Gateway  
  39  3:35  Pylon  
  39  3:47  Immortal (Chrono Boost)  
  41  4:00  Stalker  
  43  4:09  Stalker  
  45  4:17  Warp Prism (Chrono Boost)  
  47  4:28  Sentry x2  
  50  4:42  Pylon  
  50  4:47  Immortal  
  54  5:01  Pylon  
  54  5:06  Twilight Council  
  54  5:26  Immortal (Chrono Boost)  
  58  5:36  Zealot x3  
  62  5:50  Blink (Chrono Boost)  
  62  6:02  Observer (Chrono Boost)  
  63  6:12  Nexus  
  63  6:20  Shield Battery  
  63  6:27  Stalker  
  65  6:42  Stalker  
  67  6:48  Pylon  
  67  6:53  Stalker x2  
  71  7:05  Stalker  
  68  7:19  Stalker x2  
  72  7:43  Stalker x2  
  58  8:00  Stalker  
Tags
 
League
Master
Matchup
PvP
Replay Pack
hsc22
Spawn Locations
Cross Positions
Add a new tag
Caveats
  • Supply blocks, unpowered buildings, or Contaminate may cause inaccurate times.
  • Supply counts are checked every 10 seconds.